 Dungeon Crawl Stone Soup version 0.29.1-12-g30fa7ad0bf (webtiles) character file.

Game seed: 14018668060031822389

3970 mopl the Covert (level 10, -2/68 (69) HPs)
             Began as a Purple Draconian Enchanter on Jan 5, 2023.
             Was a Believer of Dithmenos.
             Killed from afar by a rakshasa (19 damage)
             ... with a lance of force
             ... on level 8 of the Dungeon.
             The game lasted 00:20:43 (9184 turns).

mopl the Covert (Purple Draconian Enchanter)        Turns: 9184, Time: 00:20:44

HP:   -2/68 (69)    AC: 10    Str: 16    XL:     10   Next: 2%
MP:   0/19          EV: 11    Int: 20    God:    Dithmenos [**....]
Gold: 51            SH:  4    Dex: 12    Spells: 10/21 levels left

rFire   + . .      SeeInvis +   a - +2 dagger (venom)
rCold   + . .      Faith    .   R - +0 buckler
rNeg    . . .      Spirit   .   (body armour unavailable)
rPois   .          Reflect  .   T - +1 hat
rElec   .          Harm     .   L - scarf {rC+ rF+}
rCorr   .          Rampage  .   q - +0 pair of gloves
Will    +....                   o - +0 pair of boots
Stlth   +++++.....              (no amulet)
HPRegen 0.21/turn               G - ring of see invisible
MPRegen 0.16/turn               X - +6 ring of strength

@: wreathed by umbra, lightly drained
A: breathe power, AC +7, unfitting armour, cold-blooded
a: Breathe Dispelling Energy, Renounce Religion, Shadow Step


You were on level 8 of the Dungeon.
You worshipped Dithmenos.
Dithmenos was pleased with you.
You visited 2 branches of the dungeon, and saw 9 of its levels.

You collected 449 gold pieces.
You spent 398 gold pieces at shops.

Inventory:

Hand Weapons
 a - a +2 dagger of venom (weapon)
 b - a +3 short sword
 H - a +5 long sword
Missiles
 h - 36 poisoned darts (quivered)
 j - 6 silver javelins
 t - 4 atropa-tipped darts
 I - 3 javelins
 Q - a curare-tipped dart
 W - 3 silver boomerangs
Armour
 o - a +0 pair of boots (worn)
 q - a +0 pair of gloves (worn)
 L - a scarf of resistance (worn)
 R - a +0 buckler (worn)
 T - a +1 hat (worn)
 Z - a scarf of shadows
Magical Staves
 U - a staff of air
Jewellery
 G - a ring of see invisible (left hand)
 V - a ring of resist corrosion
 X - a +6 ring of strength (right hand)
Wands
 x - a wand of flame (10)
 B - a wand of light (9)
 F - a wand of digging (5)
 M - a wand of paralysis (14)
Scrolls
 c - 3 scrolls of enchant weapon {unknown}
 d - 2 scrolls of brand weapon {unknown}
 f - a scroll of blinking {unknown}
 l - a scroll of noise {unknown}
 n - 2 scrolls of poison
 p - 3 scrolls of enchant armour {unknown}
 s - 4 scrolls of teleportation
 u - 2 scrolls of acquirement {unknown}
 y - 2 scrolls of silence {unknown}
 C - 4 scrolls of immolation
 D - 2 scrolls of magic mapping {unknown}
 E - 3 scrolls of amnesia {unknown}
 J - a scroll of vulnerability {unknown}
 P - a scroll of fear
 S - a scroll of summoning
 Y - a scroll of butterflies {unknown}
Potions
 e - 3 potions of cancellation
 g - 2 potions of invisibility
 i - 3 potions of haste
 k - 7 potions of curing
 m - 5 potions of brilliance
 r - a potion of magic
 v - 2 potions of heal wounds
 w - 3 potions of might
 z - a potion of flight
 A - a potion of ambrosia
 K - 3 potions of lignification {!q}
 O - 2 potions of mutation {!q}


   Skills:
 + Level 5.3 Short Blades
 - Level 1.7 Dodging
 * Level 8.2 Stealth
 + Level 2.3 Shields
 + Level 6.2 Spellcasting
 - Level 3.0 Conjurations
 + Level 6.7 Hexes
 - Level 4.0 Ice Magic
 + Level 4.6 Invocations
 + Level 3.0 Evocations


You had 10 spell levels left.
You knew the following spells:

 Your Spells              Type           Power      Damage    Failure   Level
a - Confusing Touch       Hex            33%        N/A       2%          3
b - Ensorcelled Hibernat  Hex/Ice        54%        N/A       2%          2
d - Tukima's Dance        Hex            33%        N/A       2%          3
f - Dazzling Flash        Conj/Hex       50%        N/A       5%          3

Your spell library contained the following spells:

 Spells                   Type           Power      Damage    Failure   Level
 Slow                     Hex            100%       N/A       1%          1
 Static Discharge         Conj/Air       12%        3-5/arc   11%         2
 Fulminant Prism          Conj/Hex       12%        3d9       19%         4
 Vampiric Draining        Necr           6%         2d6       38%         3
 Iskenderun's Mystic Bla  Conj/Tloc      12%        2d5       58%         4
 Lightning Bolt           Conj/Air       6%         1d18      90%         5
 Lee's Rapid Deconstruct  Erth           3%         3d6*      98%         5
 Maxwell's Capacitive Co  Air            3%         ∞         100%        8


Dungeon Overview and Level Annotations

Branches:
Dungeon (8/15)             Temple (1/1) D:5            Lair (0/5) D:8

Altars:
Ashenzari
Cheibriados
Dithmenos
Elyvilon
Fedhas
Hepliaklqana
Kikubaaqudgha
Makhleb
Nemelex Xobeh
Okawaru
Qazlal
Ru
Sif Muna
Trog
Uskayaw
Vehumet
Wu Jian
Xom
Yredelemnul
Zin

Shops:
D:6 [   D:7 ?

Annotations:
D:1 app


Innate Abilities, Weirdness & Mutations

You can breathe bolts of dispelling energy.
Your rich purple scales are hard. (AC +7)
You cannot fit into any form of body armour.
You are cold-blooded and may be slowed by cold attacks.


Message History

Throw: 2 throwing nets
Press: ? - help, Q - select action, (/) - cycle Shift-Dir - straight line, f - rakshasa
Aim: a rakshasa, wielding a +0 whip and wearing a +0 robe (lightly wounded, poisoned, umbra, 39% to hit)
You throw a throwing net.
The throwing net closely misses the rakshasa.
The rakshasa barely misses you.
Throw: throwing net
Press: ? - help, Q - select action, (/) - cycle Shift-Dir - straight line, f/p - rakshasa
Aim: a rakshasa, wielding a +0 whip and wearing a +0 robe (lightly wounded, poisoned, umbra, 39% to hit)
You throw a throwing net.
The throwing net closely misses the rakshasa.
The rakshasa hits you with a +0 whip.
Casting: Dazzling Flash (dangerous; 5% risk of failure)
Confirm with . or Enter, or press ? or * to list all spells.
Casting: Dazzling Flash (dangerous; 5% risk of failure)
Press: ? - help, Dir - look around, f - activate The rakshasa looks more healthy.
The rakshasa barely misses you.
Unknown command.
Unknown command.
Casting: Dazzling Flash (dangerous; 5% risk of failure)
Confirm with . or Enter, or press ? or * to list all spells.
Casting: Dazzling Flash (dangerous; 5% risk of failure)
Press: ? - help, Dir - look around, f - activate You block the rakshasa's attack.
Unknown command.
Unknown command.
Casting: Dazzling Flash (dangerous; 5% risk of failure)
Confirm with . or Enter, or press ? or * to list all spells.
Casting: Dazzling Flash (dangerous; 5% risk of failure)
Press: ? - help, Dir - look around, f - activate The rakshasa is dazzled.
The rakshasa hits you with a +0 whip!
* * * LOW HITPOINT WARNING * * *
Unknown command.
You hit the rakshasa but do no damage.
Your tail-slap misses the rakshasa.
The rakshasa is lightly wounded.
You miss the rakshasa.
The rakshasa is lightly wounded.
The rakshasa gestures at you. The lance of force hits you!!
You die...

######...# #.# ...####.##
#)###########
##..[...######.[.........#
##.####.#..........#####.#
..........########.......#
#####
##.##...#####...##.##.##.#
##...# ##.##.#.#
#.....#.##.##.###..#..
...(....#
#.....#...........###.
#####.###
#(..R@#.#####.###..#.. #
#...# ##...##.# #.# ##...#
# #.#########+##### #.#
##.#) # #.##...##.)...#
######.###
####.#.))..#.....#
#.....## #
.....#..[..'..8..+ #.<..##
.....#)....#.....#
#.....## #
.....##...##.....#
#....#.###
###..#######.....###
###....##.#.


You could see a rakshasa (blind).

Vanquished Creatures
  Joseph (D:8)
  An unseen horror (D:8)
  Menkaure (D:6)
  2 orc warriors
  2 ogres
  An ice beast (D:7)
  2 centaurs
  3 phantoms
  4 kobold brigands
  Blork the orc (D:5)
  A necrophage (D:4)
  3 scorpions (D:5)
  3 wights
  5 killer bees (D:8)
  2 howler monkeys (D:6)
  2 gnoll boudas
  3 hounds
  4 jellies (D:7)
  4 orc priests
  Jessica (D:3)
  4 iguanas
  4 orc wizards (D:8)
  10 gnolls
  10 adders
  A shadow imp (D:8)
  A white imp (D:6)
  2 worms
  2 dart slugs (D:1)
  21 orcs
  4 bats
  3 endoplasms
  5 giant cockroaches
  17 goblins
  5 hobgoblins
  8 jackals
  4 quokkas
  9 ball pythons
  5 frilled lizards
  27 kobolds
  6 rats
194 creatures vanquished.

Vanquished Creatures (collateral kills)
  Sigmund (D:3)
  An orc warrior (D:8)
  An ogre (D:4)
  A wight (D:8)
  Crazy Yiuf (D:2)
  A gnoll (D:7)
  An orc (D:6)
7 creatures vanquished.

Vanquished Creatures (others)
  Prince Ribbit (D:7)
  5 dancing weapons
  A black bear (D:7)
  A scorpion (D:7)
  An endoplasm (D:3)
  5 kobolds
  4 plants (D:7)
18 creatures vanquished.

Grand Total: 219 creatures vanquished

Notes
Turn   | Place    | Note
-------+----------+-------------------------------------------
     0 | D:1      | mopl the Draconian Enchanter began the quest for the Orb.
     0 | D:1      | Reached XP level 1. HP: 14/14 MP: 3/3
   189 | D:1      | Reached skill level 3 in Stealth
   189 | D:1      | Reached XP level 2. HP: 13/20 MP: 5/5
   211 | D:1      | Learned a level 2 spell: Ensorcelled Hibernation
   834 | D:1      | Found a faded altar of an unknown god.
  1060 | D:2      | Reached XP level 3. HP: 23/26 MP: 1/6
  1073 | D:2      | Reached skill level 3 in Hexes
  1092 | D:2      | Identified the +1 leather armour of the Beggar {Rampage}
  1097 | D:2      | Learned a level 3 spell: Confusing Touch
  1480 | D:2      | Reached skill level 1 in Ice Magic
  1553 | D:2      | Found a runed translucent door.
  1554 | D:2      | Noticed Crazy Yiuf
  1764 | D:2      | Reached XP level 4. HP: 33/33 MP: 7/7
  2060 | D:3      | Noticed Sigmund
  2216 | D:3      | Reached skill level 2 in Short Blades
  2438 | D:3      | Learned a level 3 spell: Tukima's Dance
  2628 | D:3      | Killed Sigmund
  2629 | D:3      | Reached skill level 4 in Stealth
  2629 | D:3      | Reached XP level 5. HP: 36/38 MP: 4/9
  2629 | D:3      | Reached XP level 6. HP: 43/45 MP: 4/10
  2740 | D:3      | Reached skill level 2 in Ice Magic
  2779 | D:3      | Noticed Jessica
  2804 | D:3      | Killed Jessica
  2805 | D:3      | Reached skill level 3 in Spellcasting
  3098 | D:4      | Learned a level 3 spell: Dazzling Flash
  3425 | D:4      | Reached skill level 3 in Short Blades
  3425 | D:4      | Reached skill level 1 in Conjurations
  3882 | D:4      | Reached skill level 5 in Stealth
  3888 | D:4      | Your scales start taking on a rich purple colour.
  3888 | D:4      | Reached skill level 4 in Hexes
  3888 | D:4      | Reached XP level 7. HP: 50/50 MP: 8/12
  3911 | D:4      | Reached skill level 4 in Spellcasting
  4576 | D:5      | Entered Level 5 of the Dungeon
  4690 | D:5      | Found a staircase to the Ecumenical Temple.
  4707 | Temple   | Entered the Ecumenical Temple
  4747 | Temple   | Became a worshipper of Dithmenos the Shadowed
  4867 | D:5      | Reached skill level 3 in Ice Magic
  4867 | D:5      | Reached skill level 1 in Invocations
  4871 | D:5      | Reached skill level 2 in Conjurations
  4871 | D:5      | Reached skill level 5 in Hexes
  5046 | D:5      | Noticed Blork the orc
  5056 | D:5      | Killed Blork the orc
  5057 | D:5      | Reached XP level 8. HP: 48/57 MP: 14/14
  5216 | D:5      | Found a hazy altar of Hepliaklqana.
  5217 | D:5      | Found a shimmering altar of Xom.
  5218 | D:5      | Noticed a spectral ugly thing
  5245 | D:6      | Noticed Menkaure
  5252 | D:6      | Killed Menkaure
  5253 | D:6      | Reached skill level 6 in Stealth
  5554 | D:6      | Reached skill level 2 in Invocations
  5686 | D:6      | Found a sacrificial altar of Ru.
  5708 | D:6      | Reached skill level 4 in Short Blades
  5931 | D:6      | Reached skill level 5 in Spellcasting
  5984 | D:6      | Reached skill level 3 in Conjurations
  6173 | D:6      | Found Onidwizu's Antique Armour Boutique.
  6193 | D:6      | Bought a runed scarf for 200 gold pieces
  6383 | D:7      | Killed Prince Ribbit
  6401 | D:7      | Found an ancient bone altar of Kikubaaqudgha.
  6406 | D:7      | Found a radiant altar of Vehumet.
  6407 | D:7      | Found a snail-covered altar of Cheibriados.
  6407 | D:7      | Found a white marble altar of Elyvilon.
  6407 | D:7      | Found a glowing silver altar of Zin.
  6409 | D:7      | Found an ornate altar of the Wu Jian Council.
  6410 | D:7      | Found a shimmering blue altar of Sif Muna.
  6411 | D:7      | Found a stormy altar of Qazlal.
  6441 | D:7      | Reached skill level 4 in Ice Magic
  6450 | D:7      | Reached skill level 3 in Invocations
  6507 | D:7      | Reached * piety under Dithmenos
  6540 | D:7      | Reached XP level 9. HP: 36/62 MP: 12/16
  6577 | D:7      | Found Covenulun's Magic Scroll Shoppe.
  6583 | D:7      | Reached skill level 7 in Stealth
  6601 | D:7      | Bought a scroll of fear for 44 gold pieces
  6601 | D:7      | Bought a scroll of immolation for 44 gold pieces
  6601 | D:7      | Bought a scroll of poison for 44 gold pieces
  6601 | D:7      | Bought a scroll of identify for 22 gold pieces
  6959 | D:7      | Reached skill level 1 in Evocations
  7394 | D:7      | Reached skill level 6 in Hexes
  7722 | D:7      | Bought a scroll of identify for 22 gold pieces
  7836 | D:8      | Reached ** piety under Dithmenos
  7863 | D:8      | Found a staircase to the Lair.
  8033 | D:2      | Killed Crazy Yiuf
  8034 | D:2      | Reached skill level 1 in Shields
  8288 | D:7      | Bought a scroll of identify for 22 gold pieces
  8372 | D:8      | Reached skill level 2 in Evocations
  8621 | D:8      | Noticed Joseph
  8652 | D:8      | Killed Joseph
  8653 | D:8      | Reached skill level 5 in Short Blades
  8653 | D:8      | Reached skill level 4 in Invocations
  8732 | D:8      | Reached skill level 2 in Shields
  8732 | D:8      | Reached skill level 6 in Spellcasting
  8738 | D:8      | Reached skill level 8 in Stealth
  8975 | D:8      | Noticed an unseen horror
  8980 | D:8      | Killed an unseen horror
  8981 | D:8      | Reached skill level 3 in Evocations
  8981 | D:8      | Reached XP level 10. HP: 69/69 MP: 16/19
  9161 | D:8      | Noticed a rakshasa
  9184 | D:8      | Killed from afar by a rakshasa

Illustrated notes

Levels and vault maps discovered:
D:1:      psy_arrival_basics, layout_basic,
          hellmonk_ecumenical_altar_arch_garden, minmay_misc_feat_iff,
          minmay_statues_item, dk_noncrumbling_3, minivault_23,
          kennysheep_small_spiral, nrook_uturn
D:2:      layout_rooms, minivault_11, minmay_divided_ellipse,
          uniq_crazy_yiuf_cottage
D:3:      layout_basic, uniq_jessica, uniq_sigmund
D:4:      layout_basic
D:5:      layout_cave_pools, regret_index_temple_of_mockery,
          minmay_temple_entry_arrows, kennysheep_generic_room_16,
          uniq_blork_the_orc
D:6:      layout_loops_corners, general_overflow_altar, serial_shops, shop,
          uniq_menkaure
D:7:      corexii_shack_village, layout_basic, minitemple, serial_shops,
          shop_fountains, corexii_checkpoint_a, nrook_campfire,
          chequers_serial_rivers_micro_e, lemuel_flamethrower_2,
          uniq_prince_ribbit1
D:8:      layout_loops_cross, lair_entry_dummy, minmay_three_doors, uniq_joseph
Temple:   nicolae_temple_cloud_nine

Skill      XL: |  1  2  3  4  5  6  7  8  9 |
---------------+----------------------------+-----
Stealth        | 3 4 5 6 8 |  8.2
Hexes          | 3 4 5 6 |  6.7
Ice Magic      | 1 2 3 4 |  4.0
Short Blades   | 2 3 4 5 |  5.3
Spellcasting   | 3 4 5 6 |  6.2
Conjurations   | 1 2 3 |  3.0
Invocations    | 1 3 4 |  4.6
Evocations     | 3 |  3.0
Shields        | 2 |  2.3
Dodging        | |  1.7

Action                   |  1- 3 |  4- 6 |  7- 9 | 10-12 || total
-------------------------+-------+-------+-------+-------++-------
Melee: Dagger            |    19 |    44 |   303 |    13 ||   379
       Tailslap          |     7 |    29 |    74 |       ||   110
       Short sword       |    89 |   156 |   126 |       ||   371
       Punch             |       |     1 |     5 |       ||     6
Throw: Throwing net      |       |       |       |     2 ||     2
 Cast: Ensorcelled Hiber |     4 |    14 |    29 |       ||    47
       Tukima's Dance    |       |     2 |    14 |     4 ||    20
       Confusing Touch   |       |     1 |     3 |       ||     4
       Dazzling Flash    |       |       |     6 |     5 ||    11
 Abil: Breathe Dispellin |       |       |     2 |       ||     2
Evoke: Wand              |       |       |     1 |       ||     1
  Use: Scroll            |       |     6 |     8 |     1 ||    15
       Potion            |       |       |     1 |     1 ||     2
 Stab: Sleeping          |     8 |     6 |    33 |       ||    47
       Confused          |       |       |     3 |       ||     3
       Distracted        |       |       |     2 |       ||     2
       Invisible         |       |       |     2 |       ||     2
       Paralysed         |       |       |     1 |       ||     1
Armor: Skin              |    28 |    56 |   107 |     4 ||   195
Dodge: Dodged            |    73 |    88 |   208 |     8 ||   377
Block: Buckler           |       |       |    22 |     2 ||    24
